Map: Oceanborn LE

Players

A.I. 2 (Very Easy) - Winner!

  • Race: Terran Terran
  • Spawn Location: 5:00

Terradin

  • Race: Terran Terran
  • League: Diamond
  • Spawn Location: 11:00

VOD

Have the link to the VOD?

Description

Time

  • Played on: Sept. 10, 2024, 3:05 p.m.
  • Length: 11:42
Show
View Real Time Build Order
Export as new Build Order

A.I. 2 (Very Easy) Terran - Winner!

Build Orders: Reaper Expand 

Get SALT Encoding   

  12  0:00  SCV  
  13  0:13  SCV  
  14  0:18  Supply Depot  
  14  0:42  Barracks  
  14  1:02  Command Center  
  14  1:30  Supply Depot, Orbital Command  
  14  1:31  Marine  
  15  1:36  Refinery  
  15  1:47  Refinery  
  15  1:56  SCV  
  16  2:08  SCV  
  17  2:14  SCV  
  18  2:15  Reaper  
  18  2:21  SCV  
  20  2:28  SCV  
  21  2:35  SCV  
  22  2:43  SCV  
  23  2:50  Refinery, SCV  
  24  2:57  SCV, Marine  
  26  3:04  SCV  
  27  3:11  SCV  
  28  3:13  Factory  
  28  3:36  Refinery  
  28  3:37  SCV  
  28  3:39  Marine  
  30  3:44  SCV  
  31  3:52  SCV  
  31  3:55  Supply Depot  
  32  3:59  SCV  
  32  4:01  Starport  
  33  4:06  SCV  
  34  4:13  SCV  
  35  4:20  SCV  
  35  4:22  Reaper  
  37  4:28  SCV  
  38  4:35  SCV  
  39  4:39  Supply Depot, Starport Tech Lab  
  39  4:42  SCV  
  40  4:49  SCV  
  41  4:54  Barracks Tech Lab  
  41  4:56  SCV  
  41  4:57  Raven  
  44  5:03  SCV  
  45  5:10  SCV  
  45  5:13  Marine  
  47  5:18  SCV  
  48  5:32  Raven  
  50  5:55  Marine  
  51  6:12  SCV  
  51  6:37  Marauder  
  53  10:54  Medivac  
  53  10:56  Supply Depot  
  53  11:20  Fusion Core  
  53  11:21  Marine  
Show
View Real Time Build Order
Export as new Build Order

Terradin Terran 

Build Orders: 2 Factory, Cyclone Opening 

Get SALT Encoding   

  12  0:00  SCV  
  13  0:12  SCV  
  14  0:17  Supply Depot  
  14  0:24  SCV  
  15  0:38  SCV  
  15  0:39  Barracks  
  16  0:45  Refinery  
  16  0:50  SCV  
  16  0:52  Refinery  
  17  1:02  SCV  
  18  1:15  SCV  
  19  1:27  Reaper  
  19  1:28  Orbital Command  
  19  1:30  Supply Depot  
  20  1:44  Factory  
  20  1:55  SCV  
  21  2:07  SCV  
  22  2:10  Barracks Reactor  
  22  2:19  SCV  
  23  2:32  Cyclone  
  23  2:35  Command Center  
  25  2:37  SCV  
  26  2:47  Starport  
  26  2:54  Supply Depot  
  26  2:58  SCV  
  27  3:03  Marine x2  
  29  3:08  Factory Tech Lab  
  29  3:10  SCV  
  30  3:22  SCV  
  30  3:25  Factory  
  31  3:29  Siege Tank  
  34  3:35  SCV  
  35  3:46  Viking  
  35  3:47  SCV  
  35  3:48  Viking  
  40  3:52  Supply Depot  
  40  3:59  Orbital Command  
  40  4:11  SCV  
  40  4:13  Siege Tank  
  44  4:17  Factory Tech Lab  
  44  4:23  SCV  
  45  4:25  SCV  
  45  4:28  Refinery  
  45  4:30  Refinery  
  46  4:32  Supply Depot  
  46  4:35  SCV  
  46  4:37  SCV, Siege Tank  
  51  4:47  SCV  
  51  4:49  SCV  
  51  4:51  Supply Depot  
  53  4:57  Siege Tank  
  57  5:00  SCV  
  57  5:01  SCV  
  57  5:03  Supply Depot  
  58  5:11  Siege Tank  
  58  5:12  SCV  
  58  5:13  SCV  
  63  5:17  Viking  
  65  5:24  Viking, SCV  
  65  5:25  SCV  
  69  5:38  Command Center  
  69  5:40  SCV x2  
  71  5:47  Siege Tank x2  
  77  6:07  Viking  
  77  6:08  Viking  
  77  6:09  SCV x2  
  83  6:14  Supply Depot  
  83  6:15  Supply Depot  
  83  6:20  Siege Tank  
  83  6:21  Supply Depot  
  86  6:32  Supply Depot  
  86  6:34  Supply Depot  
  86  6:35  SCV, Siege Tank  
  86  6:36  SCV  
  91  6:43  Refinery  
  91  6:47  Refinery  
  91  6:48  SCV x2  
  91  6:53  Siege Tank  
  96  7:00  SCV x2  
  98  7:11  Orbital Command  
  98  7:12  SCV  
  99  7:17  Armory  
  99  7:18  Armory  
  99  7:19  Siege Tank, Engineering Bay  
  99  7:21  Viking x2  
  106  7:25  SCV  
  106  7:26  SCV  
  108  7:32  Siege Tank  
  111  7:38  SCV x2  
  113  7:46  SCV  
  113  7:50  SCV x2  
  116  7:56  Viking x2  
  116  7:57  Missile Turret, Siege Tank  
  124  7:58  SCV  
  124  8:01  Missile Turret  
  124  8:04  SCV x2  
  124  8:05  Siege Tank  
  129  8:06  Terran Vehicle Weapons Level 1  
  129  8:07  Terran Vehicle And Ship Armor Level 1  
  129  8:10  SCV  
  130  8:16  SCV x2  
  132  8:30  Siege Tank  
  135  8:35  Missile Turret  
  135  8:40  Siege Tank  
  138  8:41  Viking  
  138  8:46  Missile Turret  
  138  8:47  Missile Turret x2  
  140  8:50  Supply Depot  
  140  8:53  Supply Depot  
  140  8:55  Supply Depot  
  140  8:56  Supply Depot  
  140  8:57  Viking  
  140  8:58  Missile Turret  
  142  9:03  Command Center  
  142  9:05  Factory  
  142  9:09  Factory  
  142  9:10  Factory  
  142  9:11  Factory  
  142  9:15  Siege Tank x2  
  142  9:16  Viking  
  150  9:21  SCV x2  
  152  9:27  Viking  
  154  9:34  SCV x3  
  157  9:59  Supply Depot  
  157  10:00  Factory Tech Lab x2  
  157  10:01  Supply Depot, Factory Tech Lab  
  157  10:02  Factory Tech Lab  
  157  10:06  Siege Tank x2  
  163  10:07  Viking x2  
  163  10:12  Supply Depot  
  163  10:13  Factory Reactor  
  167  10:22  Siege Tank x2  
  167  10:23  Supply Depot  
  167  10:27  Supply Depot  
  173  10:36  Missile Turret  
  173  10:55  Refinery  
  173  10:57  Refinery, Missile Turret  
  173  11:08  Missile Turret  
  173  11:12  Missile Turret  
  173  11:14  Missile Turret x2  
  173  11:16  Missile Turret  
  173  11:17  Widow Mine x2  
  173  11:18  Command Center  
  196  11:22  Command Center  
Tags
 
Add a new tag
Caveats
  • Supply blocks, unpowered buildings, or Contaminate may cause inaccurate times.
  • Supply counts are checked every 10 seconds.